Workbook
Name \0: #NAME?
Name \a: #NAME?
Name \m: #NAME?
Name _0: #REF!
Name _a: #REF!
Name _m: #REF!
Name angelo: #NAME?
Name aux: #NAME?
Name BDA: #NAME?
Name BDI: #NAME?
Name ca: #NAME?
Name Capa: #NAME?
Name cronograma: #REF!
Name direto: #NAME?
Name DRE: #REF!
Name ea: #NAME?
Name Excel_BuiltIn_Criteria: #REF!
Name Excel_BuiltIn_Print_Area: #REF!
Name Excel_BuiltIn_Print_Titles: #REF!
Name item_1: #NAME?
Name LS: #NAME?
Name MENU: #NAME?
Name MENU1: #NAME?
Name MENU2: #NAME?
Name MENU3: #NAME?
Name MENU4: #NAME?
Name MENU5: #NAME?
Name MENU6: #NAME?
Name mmz: "Retângulo 297"
Name mo: #NAME?
Name OAE: #REF!
Name PAV: #REF!
Name pr: #NAME?
Name PRE: #REF!
Name Print_Area: #NAME?
Name Print_Area_MI: #REF!
Name Print_Titles: Cronograma!$1:$41
Name Print_Titles: Planilha!$1:$8
Name Print_Titles: #NAME?
Name qe: #NAME?
Name reforsu: #NAME?
Name ren: #NAME?
Name REV: #REF!
Name sa: #NAME?
Name SEG: #REF!
Name SIH: #REF!
Name SIV: #REF!
Name susref: #NAME?
Name tania: #NAME?
Name tc: #NAME?
Name TOT: #NAME?
Name Total: #NAME?
Name TRP: #REF!
Name xxxx: #NAME?

Sheet Planilha
A2: Planilha Analítica de Orçamento
A4: COLOCAR O | C4: COLOCAR A RAZÃO SOCIAL DA EMPRESA
A5: LOGOTIPO DA | C5: COLOCAR O CNPJ DA EMPRESA
A6: EMPRESA | C6: COLOCAR O ENDEREÇO COMPLETO DA EMPRESA
C7: COLOCAR O NÚMERO DE TELEFONE E E-MAIL DA EMPRESA
D8: ANEXO III
A9: OBJETO: | C9: CONTRATAÇÃO DE EMPRESA ESPECIALIZADA PARA ELABORAÇÃO DE PROJETO ARQUITETÔNICO COM FOCO EM
C10: ARQUITETURA CÊNICA NECESSÁRIO À IMPLANTAÇÃO E ADEQUAÇÃO DO ANTIGO CINEMA DE CRAVINHOS/SP EM
C11: UM NOVO ESPAÇO CULTURAL.
A14: LOCAL: | C14: ANTIGO CINEMA - RUA TIRADENTES, 477 - CENTRO - CRAVINHOS/SP
A17: INTERESSADO: | C17: PREFEITURA MUNICIPAL DE CRAVINHOS
A22: PLANILHA QUANTITATIVA / ORÇAMENTÁRIA
A23: (Materias + Mão de Obra + Equipamentos)
A24: Proposta Comercial
A26: ITEM | B26: FONTE | C26: CÓDIGO | D26: DESCRIÇÃO | E26: UNID. | F26: QUANT. | G26: VALOR UNITÁRIO MÉDIO | H26: VALOR TOTAL MÉDIO
A27: 1 | D27: ELABORAÇÃO DE PROJETO ARQUITETÔNICO COM FOCO EM ARQUITETURA CÊNICA NECESSÁRIO À IMPLANTAÇÃO E ADEQUAÇÃO DO ANTIGO CINEMA DE CRAVINHOS/SP EM UM NOVO ESPAÇO CULTURAL
A28: 1.1 | D28: PROJETO DE FOYER | E28: UN. | F28: 1 | H28: =G28*F28 -> 0
A29: 1.2 | D29: PROJETO DE PLATEIA | E29: UN. | F29: 1 | H29: =G29*F29 -> 0
A30: 1.3 | D30: PROJETO DE PALCO | E30: UN. | F30: 1 | H30: =G30*F30 -> 0
A31: 1.4 | D31: PROJETO DE SALA DE ESPETÁCULOS | E31: UN. | F31: 1 | H31: =G31*F31 -> 0
A32: 1.5 | D32: PROJETO DE INFRAESTRUTURA DE SEGURANÇA | E32: UN. | F32: 1 | H32: =G32*F32 -> 0
A33: 1.6 | D33: PROJETO DE ÁREAS DE APOIO | E33: UN. | F33: 1 | H33: =G33*F33 -> 0
A34: 1.7 | D34: PROJETOS GERAIS PARA O EDIFICIO | E34: UN. | F34: 1 | H34: =G34*F34 -> 0
A35: 1.8 | D35: PLANILHA ORÇAMENTÁRIA | E35: UN. | F35: 1 | H35: =G35*F35 -> 0
A36: 1.9 | D36: CRONOGRAMA FÍSICO-FINANCEIRO | E36: UN. | F36: 1 | H36: =G36*F36 -> 0
A38: Total do Item 1 | H38: =SUM(H28) -> 0
A41: VALOR TOTAL | H41: =H38 -> 0
A43: Valor Total da Proposta: (_________________________________________________________________________)
A45: Prazo de execução: 180 (Cento e Oitenta) dias corridos, a contar da data de assinatura do contrato e expedição da Ordem de Serviço,
A46: que será expedida pela Secretaria de Obras e Infraestrutura da Prefeitura Municipal de Cravinhos.
A48: Do Valor Global da Obra: preço fixo e irreajustável em moeda corrente do país, estando incluso todas as despesas, inclus. aquelas relativas
A49: as taxas, impostos, fretes, encargos sociais e demais despesas pertinentes para a execução completa do objeto.
A51: Da forma e condições de pagamento: Os pagamentos serão realizados a cada 30 (trinta) dias corridos de execução da obra, conforme
A52: ANEXO VI -Cronograma Físico-Financeiro do Edital em referência, pelos serviços efetivamente
A53: executados, mediante a apresentação ao Departamento Financeiro da Prefeitura Municipal de
A54: Cravinhos, da Nota Fiscal e/ou Fatura, de acordo com as exigências administritativas em vigor,
A55: acompanhada do Boletim de Medição em papel timbrado da empresa, em três vias devidamente
A56: assinadas pelo responsável técnico da mesma, e da Certidões de regularidade da empresa junto ao
A57: INSS e ao FGTS, sendo liberada para pagamento somente após a análise técnica e aprovação da
... A81: Local e data

Sheet Cronograma
B1: COLOCAR O LOGOTIPO DA EMPRESA | D1: COLOCAR A RAZÃO SOCIAL DA EMPRESA
A2: ANEXO IV
A5: OBJETO: | B5: CONTRATAÇÃO DE EMPRESA ESPECIALIZADA PARA ELABORAÇÃO DE PROJETO ARQUITETÔNICO COM FOCO EM
B6: ARQUITETURA CÊNICA NECESSÁRIO À IMPLANTAÇÃO E ADEQUAÇÃO DO ANTIGO CINEMA DE CRAVINHOS/SP EM
B7: UM NOVO ESPAÇO CULTURAL.
A9: LOCAL: | B9: ANTIGO CINEMA - RUA TIRADENTES, 477 - CENTRO - CRAVINHOS/SP
A12: MUNICÍPIO: | B12: CRAVINHOS - SP
A14: INTERES.: | B14: PREFEITURA MUNICIPAL DE CRAVINHOS
A16: CRONOGRAMA FÍSICO-FINANCEIRO
A17: Previsão
A18: ITEM | B18: DESCRIÇÃO | C18: VALOR | D18: MÊS 01 | H18: MÊS 02 | L18: MÊS 03 | P18: MÊS 04 | T18: MÊS 05 | X18: MÊS 06
A21: 1.1 | B21: =Planilha!D28 -> PROJETO DE FOYER | C21: =Planilha!H28 -> 0 | D21: 0 | F21: =$C21*D21 -> 0 | H21: 0 | J21: =$C21*H21 -> 0 | L21: 0 | N21: =$C21*L21 -> 0 | P21: 0 | R21: =$C21*P21 -> 0 | T21: 0 | V21: =$C21*T21 -> 0 | X21: 0 | Z21: =$C21*X21 -> 0
A23: 1.2 | B23: =Planilha!D29 -> PROJETO DE PLATEIA | C23: =Planilha!H29 -> 0 | D23: 0 | F23: =$C23*D23 -> 0 | H23: 0 | J23: =$C23*H23 -> 0 | L23: 0 | N23: =$C23*L23 -> 0 | P23: 0 | R23: =$C23*P23 -> 0 | T23: 0 | V23: =$C23*T23 -> 0 | X23: 0 | Z23: =$C23*X23 -> 0
A25: 1.3 | B25: =Planilha!D30 -> PROJETO DE PALCO | C25: =Planilha!H30 -> 0 | D25: 0 | F25: =$C25*D25 -> 0 | H25: 0 | J25: =$C25*H25 -> 0 | L25: 0 | N25: =$C25*L25 -> 0 | P25: 0 | R25: =$C25*P25 -> 0 | T25: 0 | V25: =$C25*T25 -> 0 | X25: 0 | Z25: =$C25*X25 -> 0
A27: 1.4 | B27: =Planilha!D31 -> PROJETO DE SALA DE ESPETÁCULOS | C27: =Planilha!H31 -> 0 | D27: 0 | F27: =$C27*D27 -> 0 | H27: 0 | J27: =$C27*H27 -> 0 | L27: 0 | N27: =$C27*L27 -> 0 | P27: 0 | R27: =$C27*P27 -> 0 | T27: 0 | V27: =$C27*T27 -> 0 | X27: 0 | Z27: =$C27*X27 -> 0
A29: 1.5 | B29: =Planilha!D32 -> PROJETO DE INFRAESTRUTURA DE SEGURANÇA | C29: =Planilha!H32 -> 0 | D29: 0 | F29: =$C29*D29 -> 0 | H29: 0 | J29: =$C29*H29 -> 0 | L29: 0 | N29: =$C29*L29 -> 0 | P29: 0 | R29: =$C29*P29 -> 0 | T29: 0 | V29: =$C29*T29 -> 0 | X29: 0 | Z29: =$C29*X29 -> 0
A31: 1.6 | B31: =Planilha!D33 -> PROJETO DE ÁREAS DE APOIO | C31: =Planilha!H33 -> 0 | D31: 0 | F31: =$C31*D31 -> 0 | H31: 0 | J31: =$C31*H31 -> 0 | L31: 0 | N31: =$C31*L31 -> 0 | P31: 0 | R31: =$C31*P31 -> 0 | T31: 0 | V31: =$C31*T31 -> 0 | X31: 0 | Z31: =$C31*X31 -> 0
A33: 1.7 | B33: =Planilha!D34 -> PROJETOS GERAIS PARA O EDIFICIO | C33: =Planilha!H34 -> 0 | D33: 0 | F33: =$C33*D33 -> 0 | H33: 0 | J33: =$C33*H33 -> 0 | L33: 0 | N33: =$C33*L33 -> 0 | P33: 0 | R33: =$C33*P33 -> 0 | T33: 0 | V33: =$C33*T33 -> 0 | X33: 0 | Z33: =$C33*X33 -> 0
A35: 1.8 | B35: =Planilha!D35 -> PLANILHA ORÇAMENTÁRIA | C35: =Planilha!H35 -> 0 | D35: 0 | F35: =$C35*D35 -> 0 | H35: 0 | J35: =$C35*H35 -> 0 | L35: 0 | N35: =$C35*L35 -> 0 | P35: 0 | R35: =$C35*P35 -> 0 | T35: 0 | V35: =$C35*T35 -> 0 | X35: 0 | Z35: =$C35*X35 -> 0
A37: 1.9 | B37: =Planilha!D36 -> CRONOGRAMA FÍSICO-FINANCEIRO | C37: =Planilha!H36 -> 0 | D37: 0 | F37: =$C37*D37 -> 0 | H37: 0 | J37: =$C37*H37 -> 0 | L37: 0 | N37: =$C37*L37 -> 0 | P37: 0 | R37: =$C37*P37 -> 0 | T37: 0 | V37: =$C37*T37 -> 0 | X37: 0 | Z37: =$C37*X37 -> 0
B40: TOTAL GERAL E MENSAL | C40: =SUM(C21:C37) -> 0 | D40: =F40/$C$40 -> #DIV/0! | F40: =SUM(F21:G37) -> 0 | H40: =J40/$C$40 -> #DIV/0! | J40: =SUM(J21:K37) -> 0 | L40: =N40/$C$40 -> #DIV/0! | N40: =SUM(N21:O37) -> 0 | P40: =R40/$C$40 -> #DIV/0! | R40: =SUM(R21:S37) -> 0 | T40: =V40/$C$40 -> #DIV/0! | V40: =SUM(V21:W37) -> 0 | X40: =Z40/$C$40-0.0002 -> #DIV/0! | Z40: =SUM(Z21:AA37) -> 0
B41: TOTAL ACUMULADO | D41: =D40 -> #DIV/0! | F41: =F40 -> 0 | H41: =D41+H40 -> #DIV/0! | J41: =F41+J40 -> 0 | L41: =H41+L40 -> #DIV/0! | N41: =J41+N40 -> 0 | P41: =L41+P40 -> #DIV/0! | R41: =N41+R40 -> 0 | T41: =P41+T40 -> #DIV/0! | V41: =R41+V40 -> 0 | X41: =T41+X40+0.0001 -> #DIV/0! | Z41: =V41+Z40 -> 0
A45: Local e data.
A49: Nome do Representante Legal da Empresa
A50: Cargo e/ou Função
A51: CPF
